 Dungeon Crawl Stone Soup version 0.30-a0-6-g7c9e10e132 (webtiles) character file.

Game seed: 6932938150605684461

11307 Setbun the Basher (level 11, -8/104 HPs)
             Began as a Minotaur Fighter on Aug 22, 2022.
             Was an Initiate of Gozag.
             Mangled by a two-headed ogre
             ... wielding a +0 giant club
              (17 damage)
             ... on level 11 of the Dungeon.
             The game lasted 00:14:50 (10619 turns).

Setbun the Basher (Minotaur Fighter)               Turns: 10619, Time: 00:14:50

Health: -8/104     AC: 25    Str: 25    XL:     11   Next: 47%
Magic:  10/10      EV:  8    Int:  5    God:    Gozag
Gold:   1801       SH:  5    Dex: 10    Spells: 10/10 levels left

rFire   . . .      SeeInvis .    z - +1 flail (protect)
rCold   . . .      Faith    .    c - +0 buckler
rNeg    . . .      Spirit   .    L - +0 plate armour
rPois   .          Reflect  .    (helmet restricted)
rElec   .          Harm     .    n - +1 cloak
rCorr   .          Rampage  .    (no gloves)
Will    +....                    K - +0 pair of boots
Stlth   ..........               j - amulet of regeneration
HPRegen 1.07/turn                f - ring of willpower
MPRegen 0.12/turn                (no ring)

@: under a protective aura
A: horns 2, retaliatory headbutt
a: Renounce Religion, Potion Petition, Call Merchant, Bribe Branch


You were on level 11 of the Dungeon.
You worshipped Gozag.
Gozag was most pleased with you.
You visited 2 branches of the dungeon, and saw 12 of its levels.
You also visited: Sewer and Ossuary.

You collected 1950 gold pieces.
You paid 149 gold pieces to Gozag.

Inventory:

Hand Weapons
 a - a +0 flail
 z - a +1 flail of protection (weapon)
Missiles
 J - a throwing net (quivered)
Armour
 b - a +0 scale mail
 c - a +0 buckler (worn)
 n - a +1 cloak (worn)
 K - a +0 pair of boots (worn)
 L - a +0 plate armour (worn)
Jewellery
 f - a ring of willpower (left hand)
 g - an amulet of guardian spirit
 j - an amulet of regeneration (around neck)
 M - an amulet of the acrobat
 Q - a ring of resist corrosion
Wands
 t - a wand of flame (9)
 H - a wand of iceblast (25)
Scrolls
 o - 3 scrolls of teleportation
 p - 6 scrolls of identify
 q - a scroll of torment
 s - 4 scrolls of amnesia {unknown}
 x - 2 scrolls of summoning {unknown}
 y - 5 scrolls of fear {unknown}
 B - a scroll of vulnerability {unknown}
 C - 3 scrolls of fog
 G - a scroll of magic mapping {unknown}
 I - a scroll of enchant armour
 N - a scroll of brand weapon {unknown}
 O - a scroll of enchant weapon {unknown}
Potions
 d - 4 potions of might
 e - 4 potions of flight
 h - 5 potions of invisibility {unknown}
 i - 4 potions of attraction {unknown}
 k - 8 potions of curing {unknown}
 l - 4 potions of lignification {unknown}
 m - 8 potions of heal wounds {unknown}
 r - 3 potions of haste {unknown}
 u - 2 potions of magic {unknown}
 v - 3 potions of mutation {unknown}
 w - 5 potions of cancellation {unknown}
 A - 3 potions of brilliance {unknown}
 D - a potion of ambrosia {unknown}
 E - 3 potions of berserk rage {unknown}
 F - 3 potions of degeneration {unknown}
 P - a potion of resistance {unknown}


   Skills:
 * Level 12.2 Fighting
 + Level 14.2 Maces & Flails
 + Level 10.5 Armour
 + Level 3.8 Dodging
 + Level 6.4 Shields


You had 10 spell levels left.
You didn't know any spells.
Your spell library contained the following spells:

 Spells                   Type           Power      Damage    Failure   Level
 Foxfire                  Conj/Fire      0%         2x1d4     100%        1
 Static Discharge         Conj/Air       0%         3-3/arc   100%        2
 Conjure Flame            Conj/Fire      0%         6-21      100%        3
 Inner Flame              Hex/Fire       0%         N/A       100%        3
 Flame Wave               Conj/Fire      0%         2d4       100%        4
 Lightning Bolt           Conj/Air       0%         1d11      100%        5
 Maxwell's Capacitive Co  Air            0%         ∞         100%        8


Dungeon Overview and Level Annotations

Branches:
Dungeon (11/15)            Temple (1/1) D:5            Lair (0/5) D:8
    Orc (0/2) D:11          Sewer (visited)         Ossuary (visited)

Altars:
Ashenzari
Cheibriados
Dithmenos
Elyvilon
Fedhas
Gozag
Hepliaklqana
Kikubaaqudgha
Makhleb
Nemelex Xobeh
Okawaru
Qazlal
Ru
Sif Muna
Trog
Uskayaw
Vehumet
Wu Jian
Xom
Yredelemnul
Zin
The Shining One

Shops:
D:2 :

Portals:
Trove: D:11 (give 6 scrolls of fog)


Innate Abilities, Weirdness & Mutations

You have a pair of horns on your head.
You reflexively headbutt those who attack you in melee.


Message History

You are too injured to fight recklessly!
You are too injured to fight recklessly!
You are too injured to fight recklessly!
You are too injured to fight recklessly!
You are too injured to fight recklessly!
You are too injured to fight recklessly!
You are too injured to fight recklessly!
You are too injured to fight recklessly!
You thump the two-headed ogre!
Your headbutt misses the two-headed ogre.
The two-headed ogre is moderately wounded.
The troll bites you but does no damage. The troll claws you but does no damage.
The troll closely misses you.
You thump the two-headed ogre!
The two-headed ogre is heavily wounded.
The two-headed ogre hits you with a +0 giant club.
The two-headed ogre hits you but does no damage.
You completely miss the two-headed ogre.
Your headbutt misses the two-headed ogre.
The two-headed ogre is heavily wounded.
The troll bites you. The troll claws you but does no damage.
The troll claws you.
You hit the two-headed ogre.
The two-headed ogre is heavily wounded.
The troll bites you! The troll claws you but does no damage.
You block the troll's attack.
The two-headed ogre hits you with a +0 giant club!
* * * LOW HITPOINT WARNING * * *
The two-headed ogre misses you.
You sock the two-headed ogre!
The two-headed ogre is almost dead.
You block the troll's attack. The troll claws you.
* * * LOW HITPOINT WARNING * * *
The troll claws you!
* * * LOW HITPOINT WARNING * * *
You barely miss the two-headed ogre.
The two-headed ogre is almost dead.
The two-headed ogre hits you with a +0 giant club!
You die...
Your body crumbles into a pile of gold.

..## ##.....##...#
#.......)..# ..#
#####..##.####.##..)....#
### ##.##.###..##.......#
### #.#......##....##.##
..# #...........#####.#
#.## ###......#### #.###
..∩# #......# #.... #.##
#......# ##.... ..#
##@##.## #..... ###
#OT..# #.....
#..........# #.....
#..........# #.>...
#..........# #.....
#..........# ##....
#..........# #.....
#.>........# #.....
#..........# #.....


You could see a two-headed ogre and a troll.

Vanquished Creatures
  Erolcha (D:9)
  A hydra (D:11)
  A two-headed ogre (D:11)
  A manticore (D:11)
  2 cyclopes
  A gargoyle (D:10)
  A komodo dragon (D:11)
  A kobold demonologist (D:11)
  A troll (D:9)
  4 slime creatures (D:7)
  Sigmund (D:4)
  A vampire (D:10)
  5 yaks (D:10)
  A steam dragon (D:9)
  5 vampire mosquitoes
  3 wargs (D:7)
  Menkaure (D:5)
  Edmund (D:4)
  A water moccasin (D:5)
  6 orc warriors
  4 ice beasts
  2 black bears
  4 ogres
  3 centaurs (D:7)
  3 kobold brigands
  5 bullfrogs
  Blork the orc (D:5)
  2 gnoll sergeants (D:9)
  A scorpion (D:4)
  A necrophage (D:7)
  3 killer bees (D:10)
  4 howler monkeys
  6 orc priests
  5 hounds
  3 jellies
  3 iguanas (D:6)
  Ijyb (D:3)
  A gnoll bouda (D:9)
  Natasha (twice) (D:3)
  8 orc wizards
  2 human simulacra (D:11)
  8 mummies (Ossuary)
  12 gnolls (D:9)
  13 adders
  4 river rats (Sewer)
  A white imp (D:6)
  An ufetubus (D:4)
  4 worms
  A dart slug (D:1)
  35 orcs
  8 endoplasms
  6 giant cockroaches
  7 goblins
  9 hobgoblins
  6 jackals
  2 quokkas (D:1)
  22 ball pythons
  6 bats
  5 frilled lizards
  A gnoll zombie (Ossuary)
  A hobgoblin zombie (Ossuary)
  26 kobolds
  4 kobold zombies (Ossuary)
  2 orc zombies (Ossuary)
  23 rats
310 creatures vanquished.

Notes
Turn   | Place    | Note
-------+----------+-------------------------------------------
     0 | D:1      | Setbun the Minotaur Fighter began the quest for the Orb.
     0 | D:1      | Reached XP level 1. HP: 19/19 MP: 0/0
   153 | D:1      | Reached XP level 2. HP: 21/27 MP: 1/1
   310 | D:1      | Reached skill level 3 in Maces & Flails
   557 | D:1      | Reached XP level 3. HP: 24/33 MP: 2/2
   800 | D:1      | Reached skill level 4 in Maces & Flails
  1447 | D:2      | Reached XP level 4. HP: 38/40 MP: 3/3
  1487 | D:2      | Found Wora's Book Emporium.
  1588 | D:2      | Reached skill level 5 in Maces & Flails
  2293 | D:3      | Noticed Ijyb
  2294 | D:3      | Noticed Natasha
  2300 | D:3      | Killed Ijyb
  2302 | D:3      | Killed Natasha
  2303 | D:3      | Reached skill level 6 in Maces & Flails
  2303 | D:3      | Reached XP level 5. HP: 24/46 MP: 1/4
  2314 | D:3      | Noticed Natasha
  2322 | D:3      | Killed Natasha
  2752 | D:3      | Found a faded altar of an unknown god.
  2827 | D:3      | Found a burning altar of Makhleb.
  3117 | D:4      | Noticed a black bear
  3120 | D:4      | Killed a black bear
  3121 | D:4      | Reached skill level 7 in Maces & Flails
  3121 | D:4      | Reached XP level 6. HP: 52/52 MP: 5/5
  3121 | D:4      | Found a shimmering altar of Xom.
  3155 | D:4      | Found a basalt altar of Yredelemnul.
  3171 | D:4      | Found a glowing drain.
  3200 | Sewer    | Entered a sewer
  3264 | Sewer    | Reached skill level 8 in Maces & Flails
  3435 | Sewer    | Reached skill level 9 in Maces & Flails
  3435 | Sewer    | Reached XP level 7. HP: 17/58 MP: 6/6
  3530 | D:4      | Noticed Sigmund
  3539 | D:4      | Killed Sigmund
  3540 | D:4      | Reached skill level 10 in Maces & Flails
  3668 | D:4      | Noticed Edmund
  3684 | D:4      | Killed Edmund
  3700 | D:4      | Reached skill level 11 in Maces & Flails
  4168 | D:5      | Entered Level 5 of the Dungeon
  4174 | D:5      | Noticed Menkaure
  4177 | D:5      | Killed Menkaure
  4178 | D:5      | Reached XP level 8. HP: 48/66 MP: 7/7
  4178 | D:5      | Found a sand-covered staircase.
  4188 | Ossuary  | Entered an ossuary
  4473 | D:5      | Noticed Blork the orc
  4482 | D:5      | Killed Blork the orc
  4483 | D:5      | Reached skill level 12 in Maces & Flails
  4518 | D:5      | Found a sparkling altar of Nemelex Xobeh.
  4629 | D:5      | Found a staircase to the Ecumenical Temple.
  4663 | Temple   | Entered the Ecumenical Temple
  4719 | Temple   | Became a worshipper of Gozag Ym Sagoz the Greedy
  4928 | D:5      | Reached skill level 13 in Maces & Flails
  5434 | D:6      | Reached XP level 9. HP: 71/71 MP: 8/8
  5491 | D:6      | You fall into a shaft and drop 2 floors!
  5611 | D:7      | Reached skill level 14 in Maces & Flails
  5761 | D:7      | Reached skill level 1 in Dodging
  5768 | D:7      | Reached skill level 5 in Fighting
  5768 | D:7      | Reached skill level 5 in Armour
  6120 | D:7      | Found an iron altar of Okawaru.
  6369 | D:6      | Found a stormy altar of Qazlal.
  6456 | D:6      | Reached XP level 10. HP: 66/86 MP: 9/9
  6656 | D:6      | Found a hide-covered altar of Uskayaw.
  6889 | D:8      | Found a staircase to the Lair.
  6949 | D:8      | Found an ancient bone altar of Kikubaaqudgha.
  8041 | D:9      | Noticed Erolcha
  8053 | D:9      | Killed Erolcha
  8054 | D:9      | Reached skill level 5 in Shields
  8591 | D:9      | Reached skill level 10 in Fighting
  9275 | D:10     | Entered Level 10 of the Dungeon
  9426 | D:10     | Found an ornate altar of the Wu Jian Council.
  9434 | D:10     | Noticed a cyclops
  9457 | D:10     | Noticed a gargoyle
  9462 | D:10     | Killed a cyclops
  9487 | D:10     | Reached XP level 11. HP: 98/102 MP: 10/10
 10072 | D:11     | Noticed a two-headed ogre
 10081 | D:11     | Killed a two-headed ogre
 10189 | D:11     | Found a staircase to the Orcish Mines.
 10386 | D:11     | Reached skill level 10 in Armour
 10407 | D:11     | Noticed a five-headed hydra
 10413 | D:11     | Killed a five-headed hydra
 10499 | D:11     | Found a portal to a secret trove of treasure.
 10592 | D:11     | Noticed a two-headed ogre
 10619 | D:11     | Mangled by a two-headed ogre

Illustrated notes

Levels and vault maps discovered:
D:1:      tarquinn_simple_flora_water_a, layout_loops_ring,
          minmay_misc_feat_square, minmay_misc_feat_diagonals, st_stairs_11,
          minmay_misc_feat_tower
D:2:      layout_loops_cross, serial_shops, nicolae_shop_behind_doors
D:3:      minmay_evil_eye, layout_loops_corners, bloody_makhleb,
          dreamdust_ecumenical_altar_angels_and_demons, wad_floor_pattern_2,
          uniq_ijyb, uniq_natasha
D:4:      layout_loops_ring, yredelemnul_altar_generic,
          mainiacjoe_overflow_brackets, cheibrodos_sewer_entry_drain,
          uniq_edmund, uniq_sigmund
D:5:      layout_cave_pods, nicolae_overflow_crystal_walls,
          minmay_temple_entry_purple_smoke, nicolae_ossuary_entry_ruins,
          minmay_misc_feat_roman, hangedman_decor_opposing, uniq_blork_the_orc,
          uniq_menkaure
D:6:      layout_basic, nicolae_qazlal_style_of_elements, kennysheep_little_box
D:7:      layout_rooms, kennysheep_mini
D:8:      layout_basic, mainiacjoe_overflow_alcove_4, erik_lair_orcish_takeover
D:9:      layout_stronghold, uniq_erolcha
D:10:     layout_loops_ring, nicolae_wu_jian_wuxing_cycle, serial_glass,
          glass_columns_c, glass_columns_b
D:11:     layout_rooms, nicolae_trove_entry_columns, bh_circular_ruins
Temple:   nicolae_temple_ecumenical_triangle

Skill      XL: |  1  2  3  4  5  6  7  8  9 10 11 |
---------------+----------------------------------+-----
Maces & Flails | 3 4 6 7 9 11 13 14 | 14.2
Fighting       | 7 11 12 | 12.2
Armour         | 7 9 10 | 10.5
Shields        | 4 5 6 |  6.4
Dodging        | 2 3 |  3.8

Action                   |  1- 3 |  4- 6 |  7- 9 | 10-12 || total
-------------------------+-------+-------+-------+-------++-------
Melee: Flail             |   101 |   174 |   295 |   386 ||   956
       Headbutt          |    16 |    22 |    45 |    92 ||   175
  Use: Scroll            |       |     5 |     3 |       ||     8
       Potion            |       |       |     1 |       ||     1
 Stab: Distracted        |       |       |     2 |     2 ||     4
Armor: Scale mail        |    46 |   127 |   109 |    64 ||   346
       Plate armour      |       |       |       |   133 ||   133
Dodge: Dodged            |    52 |   110 |   112 |   144 ||   418
Block: Buckler           |    18 |    56 |    43 |    73 ||   190

Table legend: (Time is in decaauts)
 A = Elapsed time spent in this place.
 B = Non-inter-level travel time spent in this place.
 C = Inter-level travel time spent in this place.
 D = Time resting spent in this place.
 E = Time spent auto-exploring this place.
 F = Levels seen in this place.
 G = Mean time per level.
                   A        B        C        D        E       F      G
               +--------+--------+--------+--------+--------+-----+--------+
         Total |  10557 |   9850 |    707 |    545 |   7531 |  14 |  754.1 |
       Dungeon |   9941 |   9256 |    685 |    501 |   7219 |  11 |  903.7 |
        Temple |     65 |     43 |     22 |      0 |     37 |   1 |   65.0 |
         Sewer |    350 |    350 |      0 |     44 |    154 |   1 |  350.0 |
       Ossuary |    199 |    199 |      0 |      0 |    121 |   1 |  199.0 |
               +--------+--------+--------+--------+--------+-----+--------+

Top non-repeatable levels by time:
     D:8: 1201 daAuts
     D:9: 1171 daAuts
     D:1: 1157 daAuts
     D:3: 1090 daAuts
     D:5: 920 daAuts
     D:2: 855 daAuts
     D:4: 792 daAuts
    D:10: 766 daAuts
     D:7: 754 daAuts
     D:6: 696 daAuts
    D:11: 535 daAuts
   Sewer: 350 daAuts
 Ossuary: 199 daAuts
  Temple: 65 daAuts
